 Dungeon Crawl Stone Soup version 0.23.2-1-ga50397a6bc (webtiles) character file.

Game seed: 7091389357464905885

22 Revguard the Ducker (level 2, -1/22 HPs)
             Began as a Demonspawn Gladiator on Apr 17, 2019.
             Slain by a centaur (2 damage)
             ... on level 2 of the Dungeon.
             The game lasted 00:02:57 (789 turns).

Revguard the Ducker (Demonspawn Gladiator)           Turns: 789, Time: 00:02:57

Health: -1/22      AC:  4    Str: 14    XL:     2   Next: 68%
Magic:  2/2        EV: 13    Int: 11    God:
Gold:   58         SH:  0    Dex: 14    Spells: 1/1 levels left

rFire    . . .     SeeInvis .   a - +0 long sword
rCold    + . .     Gourm    .   (no shield)
rNeg     . . .     Faith    .   b - +0 leather armour
rPois    .         Spirit   .   c - +0 helmet
rElec    .         Reflect  .   (no cloak)
rCorr    .         Harm     .   (no gloves)
MR       .....                  (no boots)
Stlth    ++........             (no amulet)
HPRegen  0.07/turn              (no ring)
MPRegen  0.08/turn              (no ring)

@: flying
A: clever 1, cold resistance 1, nightstalker 1, MP-powered wands
a: no special abilities


You were on level 2 of the Dungeon.
You were not hungry.

You visited 1 branch of the dungeon, and saw 2 of its levels.

You collected 58 gold pieces.

Inventory:

Hand Weapons
 a - a +0 long sword (weapon)
 i - a +0 dagger
Missiles
 d - 3 throwing nets (quivered)
Armour
 b - a +0 leather armour (worn)
 c - a +0 helmet (worn)
Scrolls
 g - a scroll of remove curse {unknown}
 h - a scroll of random uselessness {unknown}
 j - a scroll of fear {unknown}
 k - 2 scrolls of enchant armour {unknown}
Potions
 m - a potion of agility {unknown}
Comestibles
 f - 4 rations


   Skills:
 + Level 2.0 Fighting
 + Level 3.1 Long Blades
 - Level 1.7 Throwing
 + Level 0.1 Armour
 + Level 3.1 Dodging
 * Level 0.2 Stealth


You had one spell level left.
You didn't know any spells.
Your spell library was empty.

Dungeon Overview and Level Annotations

Branches:
Dungeon (2/15)

Altars:


Innate Abilities, Weirdness & Mutations

You are slightly more attuned to the shadows.
Your mind is acute. (Int +2)
Your flesh is cold resistant. (rC+)
You expend magic power (3 MP) to strengthen your wands.


Message History

You hear an angry hiss.
You see here an arrow.
You aren't carrying any items that you can evoke.
The centaur shoots an arrow.
The arrow hits you!
* * * LOW HITPOINT WARNING * * *
The kobold throws a stone.
The stone hits you but does no damage.
Things that are here:
a stone; an arrow It was a potion of curing.
You feel better.
The centaur shoots an arrow.
The arrow hits you!
Ouch! That really hurt!
* * * LOW HITPOINT WARNING * * *
The kobold barely misses you.
You riposte.
You closely miss the kobold.
The kobold is heavily wounded.
It was a potion of flight.
You feel very buoyant.
You fly up into the air.
The kobold misses you.
A frilled lizard comes into view.
The centaur unwields a +0 shortbow.
The centaur hits you.
You die...

..l. #..... #
#.....' .#
#.....####.###
#............
#.....cK.....
#....K@......
#....(.......
#####(......>....
.......<.......##.
######.(.#######
#####


You could see a centaur, 2 kobolds and a frilled lizard.

Vanquished Creatures
  A dart slug (D:1)
  4 bats (D:1)
  2 giant cockroaches (D:1)
  3 goblins (D:1)
  2 hobgoblins (D:1)
  3 kobolds (D:1)
  2 frilled lizards (D:1)
17 creatures vanquished.

Notes
Turn   | Place    | Note
-------+----------+-------------------------------------------
     0 | D:1      | Revguard the Demonspawn Gladiator began the quest for the
                  | Orb.
     0 | D:1      | Reached XP level 1. HP: 16/16 MP: 1/1
    61 | D:1      | Gained mutation: You are slightly more attuned to the
                  | shadows. [demonic ancestry]
    61 | D:1      | Reached XP level 2. HP: 15/22 MP: 2/2
   341 | D:1      | Gained mutation: Your flesh is cold resistant. (rC+)
                  | [potion of mutation]
   341 | D:1      | Gained mutation: You expend magic power (3 MP) to
                  | strengthen your wands. [potion of mutation]
   341 | D:1      | Gained mutation: Your mind is acute. (Int +2) [potion of
                  | mutation]
   780 | D:2      | Noticed a centaur
   788 | D:2      | HP: 1/22 [centaur/arrow (11)]
   789 | D:2      | Slain by a centaur

Skill      XL: |  1  2 |
---------------+-------+-----
Dodging        | 3 |  3.1
Long Blades    | 3 |  3.1
Fighting       | |  2.0
Throwing       | |  1.7
Armour         | |  0.1
Stealth        | |  0.2

Action                   || total
-------------------------++-------
Melee: Long sword        ||    54
  Use: Potion            ||     3
 Stab: Sleeping          ||     1
Armor: Leather armour    ||    22
Dodge: Dodged            ||    64
       Rpst.: Long sword ||    17
